 Dungeon Crawl Stone Soup version 0.23.1 (webtiles) character file.

Game seed: 3058099530737742336

2981 FunkyPutin the Chopper (level 9, 0/55 HPs)
             Began as a Gargoyle Fighter on Mar 4, 2019.
             Was a Believer of the Shining One.
             Slain by a bullfrog (5 damage)
             ... on level 7 of the Dungeon.
             The game lasted 00:35:05 (5943 turns).

FunkyPutin the Chopper (Gargoyle Fighter)           Turns: 5943, Time: 00:35:05

Health: 0/55       AC: 16    Str: 24    XL:     9   Next: 83%
Magic:  9/9        EV: 10    Int: 10    God:    the Shining One [**....]
Gold:   305        SH:  0    Dex:  9    Spells: 8/8 levels left

rFire    . . .     SeeInvis +   d - +1 great mace "Kuyshr Aciaps" {crush, +Fly Int+2}
rCold    + . .     Gourm    .   (shield currently unavailable)
rNeg     + + +     Faith    .   b - +0 scale mail
rPois    ∞         Spirit   .   q - +0 helmet {SInv}
rElec    +         Reflect  .   (no cloak)
rCorr    .         Harm     .   u - +0 pair of gloves
MR       .....                  (no boots)
Stlth    ..........             (no amulet)
HPRegen  0.18/turn              e - ring of protection from cold
MPRegen  0.11/turn              r - ring of positive energy

@: hasted, glowing, very quick
A: negative energy resistance 1, electricity resistance, unbreathing,
petrification resistance, rot immunity, AC +6
a: Divine Shield, Renounce Religion, Evoke Flight


You were on level 7 of the Dungeon.
You worshipped the Shining One.
The Shining One was pleased with you.
You were not hungry.

You visited 1 branch of the dungeon, and saw 7 of its levels.
You also visited: Sewer.

You collected 305 gold pieces.

Inventory:

Hand Weapons
 d - the +1 great mace "Kuyshr Aciaps" (weapon) {crush, +Fly Int+2}
   (You took it off a big kobold in a sewer)

   It inflicts extra damage upon your enemies.
   It affects your intelligence (+2).
   It lets you fly.
 h - a +2 hand axe of electrocution
Armour
 b - a +0 scale mail (worn)
 c - a +0 shield
 q - a +0 helmet of see invisible (worn)
 u - a +0 pair of gloves (worn)
Jewellery
 e - a ring of protection from cold (left hand)
 i - an uncursed ring of protection from fire
 r - a ring of positive energy (right hand)
Wands
 n - a wand of polymorph (10)
 s - a wand of flame (18)
 y - a wand of iceblast (6)
Scrolls
 j - a scroll of magic mapping
 t - a scroll of blinking
 v - 2 scrolls of remove curse
Potions
 a - a potion of mutation {unknown}
 g - a potion of lignification
 k - a potion of haste
 l - 2 potions of heal wounds
 m - 3 potions of curing
 o - a potion of cancellation {unknown}
 p - a potion of experience {unknown}
 w - 3 potions of flight {unknown}
 x - 2 potions of agility {unknown}
Comestibles
 f - 6 rations
 z - 3 chunks of flesh


   Skills:
 + Level 5.6 Fighting
 - Level 7.6(8.4) Axes
 * Level 6.1(8.1) Maces & Flails
 + Level 6.3 Armour
 - Level 0.8 Dodging
 + Level 6.7 Shields


You had 8 spell levels left.
You didn't know any spells.
Your spell library contained the following spells:

 Spells                   Type           Power        Failure   Level  Hunger
 Summon Small Mammal      Summ           #...         65%         1    ##.....
 Call Imp                 Summ           #.......     78%         2    ###....
 Call Canine Familiar     Summ           #.......     95%         3    ####...
 Summon Guardian Golem    Hex/Summ       #.......     95%         3    ####...
 Summon Ice Beast         Ice/Summ       #.......     100%        4    #####..
 Summon Lightning Spire   Summ/Air       #.......     100%        4    #####..


Dungeon Overview and Level Annotations

Branches:
Dungeon (7/15)             Temple (0/1) D:6

Altars:
Cheibriados
Ru
Sif Muna
Trog
Xom
Zin
The Shining One

Annotations:
D:5 1 runed translucent door


Innate Abilities, Weirdness & Mutations

You are resistant to torment.
Your stone body is resilient. (AC +6)
You are immune to poison.
You resist negative energy. (rN+)
You are resistant to electric shocks. (rElec)
You can survive without breathing.
You are immune to petrification.
You are immune to rotting.


Message History

The troll claws you.
* * * LOW HITPOINT WARNING * * *
The troll closely misses you.
You hear a shout!
You feel much better. The orc hits you but does no damage.
The bullfrog barely misses you. The troll bites you!
The troll claws you but does no damage. The troll claws you.
You feel yourself speed up. The bullfrog hits you.
* * * LOW HITPOINT WARNING * * *
The orc completely misses you. The bullfrog barely misses you.
The troll bites you but does no damage. The troll closely misses you.
The troll claws you!
* * * LOW HITPOINT WARNING * * *
The orc hits you but does no damage.
The bullfrog hits you but does no damage.
You see here a bullfrog corpse.
The bullfrog completely misses you. The orc hits you but does no damage.
There is a stone staircase leading up here.
The bullfrog hits you.
You die...

# #. ..<..# #.
#.#.....
##.##.>....
#.........#
##.........# .
...........##.#
#.#..#........#
#......@.....#
###...Foo###...
#..##..T# #..
#.).# . .......
.).........
##.........#..
#.........# .
#..........


You could see a troll, a bullfrog, an orc wizard and an orc.

Vanquished Creatures
  Grinder (D:5)
  Sigmund (D:2)
  5 ice beasts
  An orc warrior (D:6)
  A necrophage (Sewer)
  A phantom (D:4)
  A sky beast (D:5)
  An ogre (D:5)
  2 centaurs (D:5)
  A big kobold (Sewer)
  2 bullfrogs
  A scorpion (D:4)
  5 killer bees (D:6)
  5 wights
  A howler monkey (D:5)
  A centaur zombie (D:7)
  2 crimson imps (D:5)
  A jelly (D:5)
  2 hounds
  5 orc wizards
  2 orc priests (D:3)
  4 iguanas
  4 worker ants (D:4)
  A big kobold zombie (Sewer)
  A hound skeleton (D:6)
  3 gnolls (D:2)
  A howler monkey skeleton (D:5)
  5 adders
  5 shadow imps (Sewer)
  3 oozes (Sewer)
  An adder zombie (D:5)
  4 worms
  3 dart slugs
  4 leopard geckos
  9 orcs
  2 ball pythons
  10 bats
  6 giant cockroaches
  7 goblins
  9 hobgoblins
  11 jackals
  6 quokkas
  A ball python skeleton (D:4)
  5 frilled lizards
  A giant cockroach zombie (D:5)
  25 kobolds
  2 kobold zombies (Sewer)
  10 rats
185 creatures vanquished.

Notes
Turn   | Place    | Note
-------+----------+-------------------------------------------
     0 | D:1      | FunkyPutin the Gargoyle Fighter began the quest for the
                  | Orb.
     0 | D:1      | Reached XP level 1. HP: 14/14 MP: 1/1
   108 | D:1      | Reached XP level 2. HP: 15/19 MP: 2/2
   529 | D:1      | Reached XP level 3. HP: 23/23 MP: 3/3
  1190 | D:2      | Reached XP level 4. HP: 15/29 MP: 4/4
  1330 | D:2      | Noticed Sigmund
  1351 | D:2      | Killed Sigmund
  1351 | D:2      | Reached skill level 1 in Axes
  1351 | D:2      | Reached XP level 5. HP: 10/33 MP: 5/5
  1351 | D:2      | Reached XP level 6. HP: 12/38 MP: 6/6
  2059 | D:3      | Reached skill level 2 in Axes
  2136 | D:3      | Found a sacrificial altar of Ru.
  2507 | D:3      | Reached skill level 3 in Axes
  2759 | D:4      | Reached XP level 7. HP: 40/44 MP: 7/7
  2844 | D:4      | Reached skill level 4 in Axes
  3181 | D:4      | Found a shimmering altar of Xom.
  3182 | D:4      | Found a deep blue altar of Sif Muna.
  3184 | D:4      | Found a glowing golden altar of the Shining One.
  3185 | D:4      | Found a glowing silver altar of Zin.
  3186 | D:4      | Found a bloodstained altar of Trog.
  3193 | D:4      | Found a snail-covered altar of Cheibriados.
  3196 | D:4      | Became a worshipper of the Shining One
  3374 | D:5      | Entered Level 5 of the Dungeon
  3380 | D:5      | Reached skill level 5 in Axes
  3427 | D:5      | Reached XP level 8. HP: 43/48 MP: 8/8
  3434 | D:5      | Reached skill level 5 in Armour
  3434 | D:5      | Reached skill level 5 in Shields
  3769 | D:5      | Reached skill level 6 in Axes
  3834 | D:5      | Found a glowing golden altar of the Shining One.
  3834 | D:5      | Found a runed translucent door.
  3834 | D:5      | Noticed an angel
  3870 | D:5      | Reached skill level 5 in Fighting
  3906 | D:5      | Reached * piety under the Shining One
  3925 | D:5      | Noticed Grinder
  3931 | D:5      | Reached XP level 9. HP: 53/54 MP: 9/9
  3937 | D:5      | Paralysed by Grinder for 6 turns
  3946 | D:5      | Killed Grinder
  3946 | D:5      | Reached skill level 7 in Axes
  4240 | D:6      | Found a glowing drain.
  4412 | Sewer    | Entered a sewer
  4505 | Sewer    | Found an ancient bone altar of Kikubaaqudgha.
  4507 | Sewer    | Reached ** piety under the Shining One
  4523 | Sewer    | Identified the +1 great mace "Kuyshr Aciaps" {crush, +Fly
                  | Int+2}
  4967 | D:6      | Found a staircase to the Ecumenical Temple.
  5378 | D:6      | Reached skill level 5 in Maces & Flails
  5927 | D:7      | Noticed a troll
  5943 | D:7      | Slain by a bullfrog

Skill      XL: |  1  2  3  4  5  6  7  8  9 |
---------------+----------------------------+-----
Maces & Flails | 3 6 |  6.1
Fighting       | 4 5 |  5.6
Axes           | 1 3 5 6 7 |  7.6
Armour         | 4 5 6 |  6.3
Shields        | 4 6 |  6.7
Dodging        | |  0.8

Action                   |  1- 3 |  4- 6 |  7- 9 || total
-------------------------+-------+-------+-------++-------
Melee: Flail             |   139 |    19 |       ||   158
       Hand axe          |       |   118 |   224 ||   342
       Great mace        |       |       |    67 ||    67
  Use: Scroll            |     4 |     8 |     4 ||    16
       Potion            |       |       |     4 ||     4
  Eat: Chunk             |       |     6 |     8 ||    14
       Ration            |       |       |     1 ||     1
Armor: Scale mail        |    89 |    58 |   229 ||   376
Dodge: Dodged            |    42 |    48 |   164 ||   254
Block: Shield            |    83 |    55 |   104 ||   242
